 Dungeon Crawl Stone Soup version 0.21.1-1-g345015f (webtiles) character file.

41 kae the Scratcher (level 3, -4/16 HPs)
             Began as a Felid Transmuter on June 3, 2018.
             Slain by a worm (8 damage)
             ... on level 2 of the Dungeon.
             The game lasted 00:01:34 (1363 turns).

kae the Scratcher (Felid Transmuter)                Turns: 1363, Time: 00:01:35

Health: -4/16      AC:  1    Str:  6    XL:     3   Next: 32%
Magic:  1/7        EV: 18    Int: 14    God:
Gold:   89         SH:  0    Dex: 17    Spells: 0/6 levels left
                                        Lives:  0   Deaths: 0

rFire    . . .     SeeInvis +     - Unarmed
rCold    . . .     Gourm    .   (shield unavailable)
rNeg     . . .     Faith    .   (armour unavailable)
rPois    .         Spirit   .   (helmet unavailable)
rElec    .         Reflect  .   (cloak unavailable)
rCorr    .         Harm     .   (gloves unavailable)
MR       .....                  (boots unavailable)
Stlth    ++........             (no amulet)
HPRegen  0.05/turn              (no ring)
MPRegen  0.10/turn              (no ring)

@: very slightly contaminated, quick
A: very small, no armour, no weapons or thrown items, stealth, claws 1, fangs 3,
see invisible, carnivore, speed 1, shaggy fur 1, slow metabolism 1, sharp paws
a: no special abilities


You were on level 2 of the Dungeon.
You were not hungry.

You visited 1 branch of the dungeon, and saw 2 of its levels.

You collected 89 gold pieces.

Inventory:

Missiles
 a - 12 arrows
Scrolls
 e - 2 scrolls of enchant armour {unknown}
 f - 2 scrolls of identify {unknown}
 g - a scroll of noise {unknown}
 h - a scroll of amnesia {unknown}
 i - a scroll of remove curse {unknown}
 k - a scroll of teleportation {unknown}
 l - a scroll of magic mapping {unknown}
Potions
 j - 2 potions of brilliance {unknown}
 m - a potion of flight {unknown}
Books
 b - a book of Changes

   Spells                             Type                      Level
   a - Beastly Appendage              Transmutation                1
   b - Sticks to Snakes               Transmutation                2
   c - Spider Form                    Transmutation/Poison         3
   d - Ice Form                       Ice/Transmutation            4
   e - Blade Hands                    Transmutation                5
Comestibles
 c - 2 rations


   Skills:
 + Level 1.8 Fighting
 - Level 2.6 Dodging
 + Level 3.3 Unarmed Combat
 - Level 2.0 Spellcasting
 * Level 3.3 Transmutations


You couldn't memorise any spells.
You knew the following spells:

 Your Spells              Type           Power        Failure   Level  Hunger
a - Beastly Appendage     Tmut           ##....       6%          1    ##.....
b - Sticks to Snakes      Tmut           ##......     9%          2    ###....
c - Spider Form           Tmut/Pois      #.........   34%         3    ####...


Dungeon Overview and Level Annotations

Branches:
Dungeon (2/15)

Altars:

Annotations:
D:2 exclusion: jelly, Natasha


Innate Abilities, Weirdness & Mutations

You cannot wear armour.
You are incapable of wielding weapons or throwing items.
Your paws allow you to move quietly. (Stealth)
You have sharp claws.
You have razor-sharp teeth.
You have supernaturally acute eyesight. (SInv)
You are carnivorous and can eat meat at any time.
You cover ground quickly.
You are covered in fur. (AC +1)
You have a slow metabolism.
Your sharp claws are effective at attacking unaware monsters.


Message History

You miscast Spider Form.
You feel odd.
Unknown command.
A worm is nearby!
Casting: Spider Form
Confirm with . or Enter, or press ? or * to list all spells.
You don't have enough magic to cast that spell.
Casting: Spider Form
Confirm with . or Enter, or press ? or * to list all spells.
You miscast Beastly Appendage.
Your hair momentarily turns into snakes!
Casting: Beastly Appendage
Confirm with . or Enter, or press ? or * to list all spells.
You don't have enough magic to cast that spell.
You barely miss the worm. You barely miss the worm. The worm bites you!
Ouch! That really hurt!
* * * LOW HITPOINT WARNING * * *
You completely miss the worm. The worm bites you!
Ouch! That really hurt!
You die...

...###############....####.#
.........w.........>...# #.#
..####.######.#####...# #.#
#.# #.#...#†..###.# #.#
#.##...(......# #.#
#.###.#)####### #.# #.#
#.#(......# #########.# #w#
#...#####.# #.........# #@#
###(...<# #.........#
#.###########. #.........#
#............J #.........#
############## #.........#
..........# ..........#
..........# ..........#


You could see a worm.

Vanquished Creatures
  An adder (D:2)
  A worm (D:2)
  6 bats
  3 giant cockroaches
  2 goblins (D:1)
  2 hobgoblins
  2 jackals (D:2)
  3 kobolds (D:2)
  4 frilled lizards
  4 rats
28 creatures vanquished.

Notes
Turn   | Place    | Note
-------+----------+-------------------------------------------
     0 | D:1      | kae the Felid Transmuter began the quest for the Orb.
     0 | D:1      | Reached XP level 1. HP: 9/9 MP: 4/4
   220 | D:1      | Reached XP level 2. HP: 12/12 MP: 4/6
   247 | D:1      | Learned a level 2 spell: Sticks to Snakes
   972 | D:2      | Noticed Natasha
  1256 | D:2      | Reached XP level 3. HP: 16/16 MP: 5/7
  1350 | D:2      | Learned a level 3 spell: Spider Form
  1363 | D:2      | Slain by a worm

Skill      XL: |  1  2 |
---------------+-------+-----
Transmutations | 3 |  3.3
Fighting       | |  1.8
Dodging        | |  2.6
Unarmed Combat | |  3.3
Spellcasting   | |  2.0

Action                   || total
-------------------------++-------
Melee: Unarmed           ||    65
       Headbutt          ||     9
       Bite              ||     3
       Punch             ||     2
 Cast: Beastly Appendage ||    18
  Use: Potion            ||     1
 Stab: Sleeping          ||     1
  Eat: Chunk             ||     2
Armor: Skin              ||     5
Dodge: Dodged            ||    65
